Description

Used in WinterSC's "Cheese Hour" for Tactical two base strategies.

VOD

https://www.youtube.com/watch?v=bgLVTfHp7_8

Build Order

Get SALT Encoding   

  12  0:00  Probe  Rally to Natural Wall off location
  13  0:12  Probe  
  14  0:19  Pylon, Probe  Position for walling off the natural
  15  0:24  Probe  
  16  0:38  Gateway  
  16  0:39  Action  Scout with Probe
  16  0:41  Probe  
  17  0:50  Assimilator  
  17  0:53  Probe  
  18  1:05  Probe  
  19  1:11  Action  Move 2 probes into gas
  19  1:25  Nexus  
  19  1:28  Probe  
  20  1:37  Cybernetics Core  
  20  1:43  Probe  Last noted probe - Continue making probes till saturation
  21  1:48  Assimilator  
  22  1:57  Pylon  
  23  2:11  Action  2nd Gas
  23  2:13  Warp Gate (Chrono Boost)  
  23  2:14  Adept (Chrono Boost)  
  26  2:23  Twilight Council  
  28  2:40  Adept, Action  Harass with first Adept
  34  3:04  Resonating Glaives (Chrono Boost)  
  36  3:10  Gateway  
  36  3:27  Gateway  Adept should have died at this point
  37  3:40  Pylon  
  38  3:52  Robotics Bay  
  38  3:55  Pylon  
  42  4:19  Pylon  
  42  4:24  Adept x3  
  48  4:26  Pylon  
  48  4:40  Adept x3  
  53  4:42  Immortal  
  53  4:48  Action  Adept Push into natural mineral line when met with units at natural shade all adepts to the main mineral line but cancel half so the adepts are split
  60  4:55  Assimilator x2  
  60  5:06  Stalker  
  62  5:07  Sentry x2  
  68  5:11  Gateway  
  68  5:15  Gateway  
  66  5:20  Gateway  
  66  5:30  Immortal  
  63  5:35  Gateway, Sentry  
  65  5:55  Sentry, Adept x2  
  71  6:02  Warp Prism  
  74  6:12  Pylon x2  
  74  6:15  Sentry x2  
  78  6:21  Pylon  
  78  6:28  Pylon  Block off wall to prevent access to base
  80  6:37  Adept x2  
  82  6:39  Observer (Chrono Boost)  Once warp prism is done push with the army while reinforcing with warp prism - 6:40 Attack third or natural
  83  6:40  Action  Once warp prism is done push with the army while reinforcing with warp prism - 6:40 Attack third or natural
  85  6:48  Adept x5  Warp to Warp Prism
  95  7:03  Action  Hallucinate Phoenix to scout
  95  7:12  Adept x5  Warp to Warp Prism
  105  7:13  Sentry x2  Warp to Warp Prism
  105  7:20  Action  Use Forcefields to control position and protect units and continue warping reinforcing units
Spawning Tool Build Advisor. Get it on Overwolf

Analysis

Involves early harassment with a group of adepts with glaive upgrade into a follow up push of sentries, adepts, and immortals.

Go to:

Details

  • Created by: Zyake
  • Published on: Jan 26, 2019
  • Modified on: Jan 26, 2019
  • Patch: 4.7.1
Show
View Real Time Build Order
Export as new Build Order

Comments (0)

There are no comments. Be the first!

Create an account to comment!